 Dungeon Sprint DCSS version 0.26-a0-660-gc07710193c (webtiles) character file.

Game seed: 3471313920597448027

128 mhtbhm the Shield-Bearer (level 4, 0/67 HPs)
             Began as a Minotaur Fighter on Oct 6, 2020.
             Was a Believer of Trog.
             Slain by a 13-headed hydra (7 damage)
             ... in the Dungeon (Sprint VII: "The Pits").
             The game lasted 00:01:01 (412 turns).

mhtbhm the Shield-Bearer (Minotaur Fighter)          Turns: 412, Time: 00:01:01

Health: 0/67       AC: 10    Str: 21    XL:     4   Next: 86%
Magic:  3/3        EV:  8    Int:  5    God:    Trog [**....]
Gold:   0          SH: 10    Dex: 10    Spells: 3/3 levels left

rFire    . . .     SeeInvis .   a - +1 hand axe (freeze)
rCold    . . .     Faith    .   c - +0 kite shield
rNeg     . . .     Spirit   .   b - +3 scale mail
rPois    .         Reflect  .   (helmet restricted)
rElec    .         Harm     .   (no cloak)
rCorr    .         Rampage  .   (no gloves)
MR       .....     NoTele   +   (no boots)
Stlth    ..........             (no amulet)
HPRegen  0.21/turn              (no ring)
MPRegen  0.08/turn              (no ring)

@: mighty, berserking, very slightly contaminated, invisible, very quick
A: retaliatory headbutt, horns 2
a: Berserk, Trog's Hand, Renounce Religion


You were in the Dungeon.
You worshipped Trog.
Trog was pleased with you.
You visited 1 branch

Inventory:

Hand Weapons
 a - a +1 hand axe of freezing (weapon)
Armour
 b - a +3 scale mail (worn)
 c - a +0 kite shield (worn)
Scrolls
 j - a scroll of blinking
 l - 3 scrolls of remove curse
 m - a scroll of summoning
Potions
 e - 6 potions of curing
 f - 6 potions of heal wounds
 g - a potion of haste
 h - 4 potions of magic
 i - 3 potions of berserk rage
 k - a potion of invisibility


   Skills:
 + Level 6.7 Fighting
 + Level 5.6 Axes
 + Level 7.1 Armour
 + Level 7.2 Shields


You had 3 spell levels left.
You didn't know any spells.
Your spell library was empty.

Dungeon Overview and Level Annotations

Branches:
Dungeon (1/1)

Altars:
Cheibriados
Dithmenos
Elyvilon
Fedhas
Gozag
Hepliaklqana
Makhleb
Nemelex Xobeh
Okawaru
Qazlal
Ru
Sif Muna
Trog
Vehumet
Wu Jian
Xom
Yredelemnul
Zin
The Shining One
Beogh
Jiyva
Lugonu

Annotations:
D Gastronok


Innate Abilities, Weirdness & Mutations

You reflexively headbutt those who attack you in melee.
You have a pair of horns on your head.


Message History

You freeze the 12-headed hydra.
The 12-headed hydra is heavily wounded.
Gastronok gurgles, "Are you a wizard?
Wizards taste nice..."
Unknown command.
You slice one of the 12-headed hydra's heads off!
The 11-headed hydra grows two more!
You hit the 13-headed hydra. You freeze the 13-headed hydra.
The 13-headed hydra is heavily wounded.
You hit Gastronok. You freeze Gastronok.
The 13-headed hydra closely misses you.
The 13-headed hydra bites you but does no damage.
The 13-headed hydra bites you.
* * * LOW HITPOINT WARNING * * *
The 13-headed hydra bites you but does no damage. x2
The 13-headed hydra closely misses you. The 13-headed hydra barely misses you.
You block the 13-headed hydra's attack. The 13-headed hydra bites you.
* * * LOW HITPOINT WARNING * * *
The 13-headed hydra bites you but does no damage.
The 13-headed hydra bites you!
You die...

))'.##......#..#......#
###.##................+
.....'................+
'#####......#..#......#
..'.##................#
..#.#####'#####''######
###.##.......##''#
..#.##.......##..#
..).##.......##.@#
######...<...##wD#
))).##.......##..#
))).##.......##..#
######.......##...
##########... #...
#..##


You could see Gastronok (swift) and a 13-headed hydra (slow).

Vanquished Creatures
  A centaur (D)
  An iron imp (D)
  An adder (D)
  2 adder skeletons (D)
  A giant cockroach (D)
  2 goblins (D)
  A hobgoblin (D)
  A rat (D)
10 creatures vanquished.

Notes
Turn   | Place    | Note
-------+----------+-------------------------------------------
     0 | D        | mhtbhm the Minotaur Fighter began the quest for the Orb.
     0 | D        | Reached XP level 1. HP: 19/19 MP: 0/0
    17 | D        | Found a bloodstained altar of Trog.
    17 | D        | Found a shimmering blue altar of Sif Muna.
    17 | D        | Found a viscous altar of Jiyva.
    17 | D        | Found a hazy altar of Hepliaklqana.
    17 | D        | Found an opulent altar of Gozag.
    18 | D        | Found a glowing golden altar of the Shining One.
    18 | D        | Found a glowing silver altar of Zin.
    18 | D        | Found a basalt altar of Yredelemnul.
    18 | D        | Found a shimmering altar of Xom.
    18 | D        | Found an ornate altar of the Wu Jian Council.
    18 | D        | Found a sacrificial altar of Ru.
    18 | D        | Found a stormy altar of Qazlal.
    18 | D        | Found an iron altar of Okawaru.
    18 | D        | Found a sparkling altar of Nemelex Xobeh.
    18 | D        | Found a burning altar of Makhleb.
    18 | D        | Found a blossoming altar of Fedhas.
    18 | D        | Found a white marble altar of Elyvilon.
    18 | D        | Found a shadowy altar of Dithmenos.
    18 | D        | Found a snail-covered altar of Cheibriados.
    20 | D        | Found a radiant altar of Vehumet.
    20 | D        | Found a corrupted altar of Lugonu.
    20 | D        | Found a roughly hewn altar of Beogh.
    22 | D        | Became a worshipper of Trog the Wrathful
    61 | D        | Reached XP level 2. HP: 26/28 MP: 1/1
   186 | D        | Reached * piety under Trog
   195 | D        | Noticed a centaur
   200 | D        | Reached ** piety under Trog
   200 | D        | Reached skill level 5 in Armour
   200 | D        | Reached skill level 5 in Shields
   201 | D        | Killed a centaur
   201 | D        | Reached skill level 5 in Axes
   201 | D        | Reached XP level 3. HP: 38/38 MP: 2/2
   201 | D        | Reached XP level 4. HP: 45/45 MP: 3/3
   400 | D        | Noticed Gastronok
   400 | D        | Noticed a five-headed hydra
   412 | D        | Slain by a 13-headed hydra

Illustrated notes

Levels and vault maps discovered:
D:        pitsprint [storerooms_1, entrance_room_1, metal_vault_3, armoury_1,
          mini_pit_1, grid_room_1, main_hall_1, silver_pit, the_coven_2,
          the_vestibule_1, steel_vault_1, golden_pit, hallway_of_sentries,
          crystal_vault_3, iron_vault_1, final_vault]

Skill      XL: |  1  2  3  4 |
---------------+-------------+-----
Fighting       | 4 6 |  6.7
Axes           | 3 5 |  5.6
Armour         | 4 6 7 |  7.1
Shields        | 4 6 7 |  7.2

Action                   |  1- 3 |  4- 6 || total
-------------------------+-------+-------++-------
Melee: War axe           |    22 |       ||    22
       Headbutt          |     3 |     2 ||     5
       Hand axe          |       |    13 ||    13
Invok: Berserk           |     1 |     1 ||     2
  Use: Potion            |       |     2 ||     2
 Stab: Invisible         |       |     2 ||     2
Armor: Scale mail        |     8 |     8 ||    16
Dodge: Dodged            |     3 |    14 ||    17
Block: Kite shield       |    18 |     9 ||    27

Table legend: (Time is in decaauts)
 A = Elapsed time spent in this place.
 B = Non-inter-level travel time spent in this place.
 C = Inter-level travel time spent in this place.
 D = Time resting spent in this place.
 E = Time spent auto-exploring this place.
 F = Levels seen in this place.
 G = Mean time per level.
                   A        B        C        D        E       F      G
               +--------+--------+--------+--------+--------+-----+--------+
         Total |    427 |    427 |      0 |    214 |      0 |   1 |  427.0 |
       Dungeon |    427 |    427 |      0 |    214 |      0 |   1 |  427.0 |
               +--------+--------+--------+--------+--------+-----+--------+

Top non-repeatable levels by time:
       D: 427 daAuts
